 Dungeon Crawl Stone Soup version 0.28.0 (webtiles) character file.

Game seed: 11129942232846722311

141 fragbeetle the Chopper (level 5, -1/41 HPs)
             Began as a Ghoul Gladiator on Feb 8, 2022.
             Slain by an iguana (3 damage)
             ... on level 4 of the Dungeon.
             The game lasted 00:03:21 (3255 turns).

fragbeetle the Chopper (Ghoul Gladiator)            Turns: 3255, Time: 00:03:22

Health: -1/41      AC:  8    Str: 20    XL:     5   Next: 24%
Magic:  4/4        EV: 11    Int:  3    God:
Gold:   80         SH:  0    Dex: 10    Spells: 4/4 levels left

rFire   . . .      SeeInvis +   a - +0 war axe
rCold   + . .      Faith    .   (no shield)
rNeg    + + +      Spirit   .   h - +0 ring mail
rPois   ∞          Reflect  .   c - +0 helmet
rElec   .          Harm     .   e - +0 cloak
rCorr   .          Rampage  .   b - +0 pair of gloves
Will    +....                   (no boots)
Stlth   ..........              (no amulet)
HPRegen 0.00/turn               k - ring of see invisible
MPRegen 0.09/turn               p - ring of willpower

@: inhibited regen
A: claws 1, cold resistance 1, negative energy resistance 3, inhibited
regeneration, torment resistance 2
a: no special abilities


You were on level 4 of the Dungeon.
You visited 1 branch of the dungeon, and saw 4 of its levels.

You collected 80 gold pieces.

Inventory:

Hand Weapons
 a - a +0 war axe (weapon)
Missiles
 d - 4 throwing nets (quivered)
 l - 5 poisoned darts
Armour
 b - a +0 pair of gloves (worn)
 c - a +0 helmet (worn)
 e - a +0 cloak (worn)
 h - a +0 ring mail (worn)
Jewellery
 k - a ring of see invisible (left hand)
 p - a ring of willpower (right hand)
Scrolls
 f - a scroll of enchant weapon {unknown}
 g - a scroll of torment {unknown}
 m - a scroll of immolation {unknown}
 n - a scroll of enchant armour {unknown}
 q - a scroll of teleportation {unknown}
 r - a scroll of fear {unknown}
 s - a scroll of identify {unknown}
 t - 2 scrolls of holy word {unknown}
Potions
 i - 2 potions of magic {unknown}
 j - a potion of brilliance {unknown}
 o - a potion of lignification {unknown}


   Skills:
 - Level 2.1 Fighting
 * Level 5.2 Axes
 - Level 1.7 Throwing
 - Level 2.6 Dodging


You had 4 spell levels left.
You didn't know any spells.
Your spell library contained the following spells:

 Spells                   Type           Power      Damage    Failure   Level
 Foxfire                  Conj/Fire      0%         2x1d4     71%         1
 Sting                    Tmut/Pois      0%         1d3       71%         1
 Poisonous Vapours        Pois/Air       0%         N/A       85%         2
 Conjure Flame            Conj/Fire      0%         6-21      97%         3
 Inner Flame              Hex/Fire       0%         N/A       97%         3
 Flame Wave               Conj/Fire      0%         2d4       100%        4
 Olgreb's Toxic Radiance  Pois           0%         N/A       100%        4
 Iskenderun's Battlesphe  Conj           0%         2d6       100%        5
 Iron Shot                Conj/Erth      0%         9d1       100%        6
 Spellforged Servitor     Conj/Summ      0%         N/A       100%        7
 Summon Hydra             Summ           0%         N/A       100%        7
 Sublimation of Blood     Necr           Unusable   N/A       N/A         2
 Wereblood                Tmut           Unusable   N/A       N/A         2

Dungeon Overview and Level Annotations

Branches:
Dungeon (4/15)
 Temple: D:4-7

Altars:
Yredelemnul

Shops:
D:2 :   D:3 (


Innate Abilities, Weirdness & Mutations

You thrive by killing the living.
You are immune to poison.
You have sharp fingernails.
Your flesh is cold resistant. (rC+)
You are immune to negative energy. (rN+++)
You do not regenerate when monsters are visible.
You are immune to unholy pain and torment.


Message History

Found a stone staircase leading down.
Found an escape hatch in the ceiling.
t - 2 scrolls labelled QYASKE YHOKYJU
Found a stone staircase leading down.
An iguana comes into view.
The iguana hisses angrily.
The iguana moves out of view.
Found 7 gold pieces.
An iguana is nearby!
An iguana is nearby!
An iguana is nearby!
Found a stone staircase leading up.
You barely miss the iguana. The iguana bites you.
You hit the iguana.
The iguana is moderately wounded.
The iguana barely misses you.
You closely miss the iguana.
The iguana is moderately wounded.
The iguana bites you!
You closely miss the iguana.
The iguana is moderately wounded.
The iguana bites you! x2
* * * LOW HITPOINT WARNING * * *
You are too injured to fight recklessly!
You are too injured to fight recklessly!
You hit the iguana but do no damage.
The iguana is moderately wounded.
The iguana bites you.
* * * LOW HITPOINT WARNING * * *
You closely miss the iguana.
The iguana is moderately wounded.
The iguana bites you but does no damage.
You slash the iguana!
The iguana is almost dead.
The iguana bites you!
* * * LOW HITPOINT WARNING * * *
You closely miss the iguana.
The iguana is almost dead.
The iguana bites you.
You die...

##< ... #.. #..
##.. ...
#l#######..
##.###.@.......$
$........#####.
##.#####.# #.#
#####.#####.#
#...........#
#.###.#######
#.# #.#


You could see an iguana.

Vanquished Creatures
  A jelly (D:3)
  3 gnolls (D:3)
  An adder (D:2)
  3 worms (D:3)
  2 orcs (D:3)
  3 endoplasms (D:1)
  9 goblins
  4 hobgoblins
  9 jackals (D:1)
  5 kobolds
  2 quokkas
  9 ball pythons
  5 bats
  6 frilled lizards
  2 rats
64 creatures vanquished.

Notes
Turn   | Place    | Note
-------+----------+-------------------------------------------
     0 | D:1      | fragbeetle the Ghoul Gladiator began the quest for the Orb.
     0 | D:1      | Reached XP level 1. HP: 17/17 MP: 0/0
   298 | D:1      | Reached skill level 3 in Axes
   337 | D:1      | Found a faded altar of an unknown god.
   342 | D:1      | Reached XP level 2. HP: 15/24 MP: 1/1
   761 | D:1      | Reached XP level 3. HP: 29/29 MP: 2/2
  1017 | D:1      | Reached skill level 4 in Axes
  1445 | D:2      | Found Quvog's Book Shoppe.
  1699 | D:2      | Found a basalt altar of Yredelemnul.
  1909 | D:2      | Reached XP level 4. HP: 32/36 MP: 3/3
  2662 | D:3      | Reached skill level 5 in Axes
  2662 | D:3      | Reached XP level 5. HP: 30/41 MP: 4/4
  3078 | D:3      | Found Huibi's Weapon Emporium.
  3254 | D:4      | HP: 2/41 [iguana (7)]
  3255 | D:4      | Slain by an iguana

Illustrated notes

Levels and vault maps discovered:
D:1:      tarquinn_simple_flora_water_e, layout_basic,
          hellmonk_ecumenical_altar_dog_temple
D:2:      layout_basic, basic_altar, serial_shops, nicolae_shop_behind_doors,
          minmay_hedge_maze, roderic_serpentine_path,
          wad_floor_pattern_untrapped
D:3:      layout_rooms, serial_shops, nicolae_shop_window_shopping
D:4:      minmay_chambers_of_fours, layout_loops_ring

Skill      XL: |  1  2  3  4 |
---------------+-------------+-----
Axes           | 3 4 5 |  5.2
Fighting       | |  2.1
Throwing       | |  1.7
Dodging        | |  2.6

Action                   |  1- 3 |  4- 6 || total
-------------------------+-------+-------++-------
Melee: War axe           |   149 |    55 ||   204
       Punch             |       |     1 ||     1
Armor: Leather armour    |    36 |       ||    36
       Ring mail         |    32 |    16 ||    48
Dodge: Dodged            |   121 |    27 ||   148
